 Dungeon Crawl Stone Soup version 0.20-b1-24-gb21faa7 (webtiles) character file.

339 anfisbena the Skirmisher (level 6, 0/35 HPs)
             Began as a Vine Stalker Fighter on May 25, 2017.
             Slain by an orc
             ... wielding a +0 trident
              (4 damage)
             ... on level 4 of the Dungeon.
             The game lasted 00:03:30 (3039 turns).

anfisbena the Skirmisher (Vine Stalker Fighter)     Turns: 3039, Time: 00:03:30

Health: 0/35       AC:  8    Str: 18    XL:     6   Next: 55%
Magic:  0/7        EV:  9    Int:  8    God:
Gold:   134        SH:  9    Dex: 16    Spells: 5/5 levels left

rFire    . . .     SeeInvis .   a - +0 long sword
rCold    . . .     Gourm    .   c - +0 shield
rNeg     . . .     Faith    .   r - +0 chain mail
rPois    .         Spirit   +   (no helmet)
rElec    .         Reflect  .   (no cloak)
rCorr    .         Harm     .   (no gloves)
MR       .....                  (no boots)
Stlth    ..........             (no amulet)
Regen    0.6/turn               q - +5 ring of evasion
MPRegen  0.1/turn               (no ring)

@: drained
A: fangs 2, regeneration 1, magic shield, antimagic bite, no potion heal 3, rot
immunity
a: no special abilities


You were on level 4 of the Dungeon.
You were not hungry.

You visited 1 branch of the dungeon, and saw 4 of its levels.

You collected 134 gold pieces.

Inventory:

Hand Weapons
 a - a +0 long sword (weapon)
Armour
 c - a +0 shield (worn)
 r - a +0 chain mail (worn)
Jewellery
 h - a +3 ring of evasion
 q - a +5 ring of evasion (left hand)
 s - an uncursed ring of protection from fire {unknown}
Scrolls
 e - 4 scrolls of teleportation {unknown}
 i - 3 scrolls of recharging {unknown}
 l - a scroll of immolation {unknown}
 n - 4 scrolls of remove curse {unknown}
 o - 2 scrolls of identify {unknown}
 p - a scroll of noise {unknown}
 u - a scroll of random uselessness {unknown}
Potions
 d - a potion of berserk rage {unknown}
 k - a potion of curing
Books
 m - a book of Minor Magic

   Spells                             Type                      Level
   a - Magic Dart                     Conjuration                  1
   b - Blink                          Translocation                2
   c - Call Imp                       Summoning                    2
   d - Slow                           Hexes                        2
   e - Conjure Flame                  Conjuration/Fire             3
   f - Mephitic Cloud                 Conjuration/Poison/Air       3
Comestibles
 b - 2 royal jellies
 f - 2 bread rations
 g - 8 fruits
 j - 2 meat rations
 t - 3 chunks of flesh


   Skills:
 + Level 5.0(4.6) Fighting
 + Level 4.3(3.9) Long Blades
 - Level 2.4(1.9) Armour
 - Level 2.6(2.2) Shields


You had 5 spell levels left.
You didn't know any spells.

Dungeon Overview and Level Annotations

Branches:
Dungeon (4/15)
 Temple: D:4-7

Altars:
Dithmenos
Gozag
Xom

Annotations:
D:4 Menkaure


Innate Abilities, Weirdness & Mutations

You have extremely sharp teeth.
Your natural rate of healing is unusually fast.
When hurt, damage is shared between your health and your magic reserves.
Your bite disrupts and absorbs the magic of your enemies.
Potions cannot restore your health.
You are immune to rotting.


Message History

The orc barely misses you. The orc closely misses you.
You barely miss the orc.
The orc is heavily wounded.
The orc completely misses you. You block the orc's attack.
You hit the orc but do no damage. You bite the orc. You drain its power.
You kill the orc!
You block the orc's attack.
You slash Menkaure! You bite Menkaure, but do no damage.
Menkaure is moderately damaged.
The orc barely misses you.
You riposte.
You hit the orc but do no damage. Your bite misses the orc.
Menkaure breathes soot at you. Menkaure hits you!!
You slash Menkaure! You bite Menkaure.
Menkaure's magic leaks into the air.
You drain his magic.
You feel invigorated.
Menkaure is severely damaged.
The orc hits you but does no damage. Menkaure hits you!!
* * * LOW HITPOINT WARNING * * *
The orc hits you with a trident.
You die...

#..........M...M..)
#............o.....
#######'#.#########
#.........#
#........##
#........#
#........#
#..M.....#
#.@).....#
#)o..รท...##
##........#
#........#
#........#
#........#
#........#
#........#
#........#


You could see Menkaure and an orc.

Vanquished Creatures
  Duvessa (D:4)
  Dowan (D:4)
  Terence (D:3)
  An orc wizard (D:3)
  A worker ant (D:3)
  6 adders
  2 worms (D:2)
  2 dart slugs
  6 leopard geckos
  6 orcs
  3 giant cockroaches
  A goblin (D:1)
  7 hobgoblins
  2 jackals (D:3)
  4 kobolds
  A quokka (D:3)
  A ball python (D:3)
  8 bats
  5 frilled lizards
  6 rats
65 creatures vanquished.

Notes
Turn   | Place    | Note
-------+----------+-------------------------------------------
     0 | D:1      | anfisbena the Vine Stalker Fighter began the quest for the Orb.
     0 | D:1      | Reached XP level 1. HP: 11/11 MP: 2/2
   108 | D:1      | Reached skill level 3 in Fighting
   108 | D:1      | Reached XP level 2. HP: 16/16 MP: 3/3
   522 | D:2      | Reached XP level 3. HP: 13/20 MP: 4/4
  1802 | D:3      | Gained mutation: Your natural rate of healing is unusually fast. [Vine Stalker growth]
  1802 | D:3      | Reached XP level 4. HP: 25/25 MP: 5/5
  1818 | D:3      | Noticed Terence
  1837 | D:3      | Killed Terence
  1906 | D:3      | Found a shimmering altar of Xom.
  1924 | D:3      | Reached skill level 4 in Fighting
  1924 | D:3      | Reached XP level 5. HP: 21/29 MP: 4/6
  2235 | D:3      | Found an opulent altar of Gozag.
  2236 | D:3      | Found a shadowy altar of Dithmenos.
  2793 | D:4      | Noticed Dowan
  2795 | D:4      | Noticed Duvessa
  2827 | D:4      | Killed Dowan
  2829 | D:4      | Killed Duvessa
  2829 | D:4      | Reached XP level 6. HP: 26/35 MP: 7/7
  2903 | D:4      | Reached skill level 5 in Fighting
  2944 | D:4      | Noticed Menkaure
  3039 | D:4      | Slain by an orc

Skill      XL: |  1  2  3  4  5  6 |
---------------+-------------------+-----
Long Blades    | 2 3 4 |  4.3
Fighting       | 3 4 5 |  5.0
Armour         | |  2.4
Shields        | |  2.6

Action                   |  1- 3 |  4- 6 || total
-------------------------+-------+-------++-------
Melee: Long sword        |    76 |   128 ||   204
       Bite              |    20 |    53 ||    73
  Use: Potion            |       |     1 ||     1
  Eat: Chunk             |     3 |     4 ||     7
Armor: Scale mail        |    35 |    25 ||    60
       Chain mail        |       |    33 ||    33
Dodge: Dodged            |    25 |    60 ||    85
Block: Shield            |    41 |    58 ||    99
       Rpst.: Long sword |    11 |    16 ||    27
